cohdb
Replays
Latest Replays
All Replays
Popular Replays
Top Player Replays
Match Explorer
How It Works
Community
CoH3 Stats
Reddit
Sign in to upload your games and track your stats! →
Sign in with Steam
Match 41869040
Unlisted
Match 41869040
Overview
Messages
Build Orders
End
Kradschützen Motorcycle Team
Panzerpioneer Squad
250 Light Carrier
Selects Armored Support Battlegroup
Construct Light Support Kompanie
Combat Half-tracks
MG34 Team
Assault Grenadier Squad
Panzerjäger Squad
Construct Mechanized Kompanie
8 Rad Armored Car
Vehicle Survival Package
Selects Veteran Gunners
Selects Salvage Kits
Assault Mechanized Group
Construct Panzerarmee Kommand
Panzer III L Medium Tank
Emergency Repair Kits
Rapid Advance
Selects Flammpanzer III Medium Tank
Selects Command Panzer IV F Medium Tank
Assault Mechanized Group
Command Panzer IV F Medium Tank
Panzer III L Medium Tank
Tungsten Core Ammunition
Panzer III L Medium Tank
Command Panzer IV F Medium Tank
(502) Bad Gateway
Nephrite
0
0
Comments
sign in to comment!
No comments posted yet!